 Dungeon Sprint DCSS version 0.23-a0-447-g7b583b2f2c (webtiles) character file.

46 Jannitor the Cudgeler (level 3, -6/46 HPs)
             Began as a Demonspawn Monk on Nov 19, 2018.
             Mangled by Crazy Yiuf
             ... wielding a +3 quarterstaff of chaos
              (11 damage)
             ... in the Dungeon (Sprint III: "The Ten Rune Challenge").
             The game lasted 00:00:27 (89 turns).

Jannitor the Cudgeler (Demonspawn Monk)               Turns: 89, Time: 00:00:27

Health: -6/46      AC:  5    Str: 17    XL:     3   Next: 44%
Magic:  3/3        EV: 12    Int: 11    God:
Gold:   0          SH:  0    Dex: 15    Spells: 2/2 levels left

rFire    . . .     SeeInvis .   a - +0 mace
rCold    . . .     Gourm    .   (no shield)
rNeg     . . .     Faith    .   k - +0 ring mail
rPois    .         Spirit   .   (no helmet)
rElec    .         Reflect  .   (no cloak)
rCorr    .         Harm     .   (no gloves)
MR       .....     NoTele   +   (no boots)
Stlth    ..........             (no amulet)
HPRegen  0.15/turn              (no ring)
MPRegen  0.08/turn              (no ring)

@: berserking, very quick
A: claws 2
a: no special abilities


You were in the Dungeon.
You were not hungry.

You visited 1 branch

Inventory:

Hand Weapons
 a - a +0 mace (weapon)
Armour
 b - a +0 robe
 k - a +0 ring mail (worn)
Scrolls
 i - a scroll of blinking
Potions
 d - a potion of curing
 f - a potion of haste
 g - 2 potions of magic
Comestibles
 c - a ration
 j - 3 chunks of flesh


   Skills:
 + Level 4.5 Fighting
 * Level 5.2 Maces & Flails
 + Level 2.6 Armour
 - Level 2.6 Dodging
 - Level 1.7 Stealth


You had 2 spell levels left.
You didn't know any spells.
Your spell library was empty.

Dungeon Overview and Level Annotations

Branches:
Dungeon (1/1)

Altars:

Annotations:
D Crazy Yiuf


Innate Abilities, Weirdness & Mutations

You have very sharp fingernails.


Message History

* * * LOW HITPOINT WARNING * * *
You hit the human.
The human is heavily wounded.
The human hits you.
* * * LOW HITPOINT WARNING * * *
You thump the human!
The human is almost dead.
You sock the human!
You kill the human!
Your Maces & Flails skill increases to level 5!
You have reached level 3!
Your experience leads to an increase in your attributes!
Your base attributes are Str 11, Int 11, Dex 15.
Increase (S)trength, (I)ntelligence, or (D)exterity?
You feel stronger.
Your demonic ancestry asserts itself...
Your fingernails sharpen.
You thump Crazy Yiuf!
Crazy Yiuf is heavily wounded.
Crazy Yiuf hits you with a +3 quarterstaff of chaos!
You die...

▓...#......##
▓..##....÷..# ..#
▓##.##.##...# ..#
##.##.###..# #..#
▓#.####.##).# ...+
▓.###..##..## #...#
▓#..÷..##..###....#
###..##...##.....#
##÷.##...@#.g....#
#..###..##g#.....#
#..# #.. ####....#
▓▓▓▓ ▓▓▓ ▓▓▓▓▓


You could see Crazy Yiuf.

Vanquished Creatures
  Jessica (D)
  A human (D)
  3 rats (D)
5 creatures vanquished.

Vanquished Creatures (others)
  2 hellions (D)
  A yaktaur (D)
3 creatures vanquished.

Grand Total: 8 creatures vanquished

Notes
Turn   | Place    | Note
-------+----------+-------------------------------------------
     0 | D        | Jannitor the Demonspawn Monk began the quest for the Orb.
     0 | D        | Reached XP level 1. HP: 18/18 MP: 1/1
     9 | D        | Reached skill level 3 in Maces & Flails
    55 | D        | Noticed Jessica
    67 | D        | Killed a yaktaur
    69 | D        | Killed Jessica
    69 | D        | Reached skill level 4 in Maces & Flails
    69 | D        | Gained mutation: You have sharp fingernails. [demonic
                  | ancestry]
    69 | D        | Reached XP level 2. HP: 25/25 MP: 2/2
    72 | D        | Killed a hellion
    72 | D        | Killed a hellion
    76 | D        | Noticed Crazy Yiuf
    88 | D        | Reached skill level 5 in Maces & Flails
    88 | D        | Gained mutation: You have very sharp fingernails. [demonic
                  | ancestry]
    88 | D        | Reached XP level 3. HP: 5/31 MP: 3/3
    89 | D        | Mangled by Crazy Yiuf

Vault maps used:
D:        dungeon_sprint_mu

Skill      XL: |  1  2 |
---------------+-------+-----
Maces & Flails | 4 5 |  5.2
Fighting       | 4 |  4.5
Armour         | 2 |  2.6
Dodging        | |  2.6
Stealth        | |  1.7

Action                   || total
-------------------------++-------
Melee: Mace              ||    19
  Use: Potion            ||     2
 Stab: Sleeping          ||     1
Armor: Ring mail         ||     4
Dodge: Dodged            ||     6

Table legend:
 A = Non-vault XP
 B = Vault XP
 C = Vault XP percentage of total XP
 D = Non-vault monster count
 E = Vault monster count
 F = Vault count percentage of total count
                 A         B        C        D         E       F
            +---------+---------+-------+---------+---------+-------
      Total |       0 |      66 | 100.0 |       0 |       5 | 100.0
            +---------+---------+-------+---------+---------+-------
          D |       0 |      66 | 100.0 |       0 |       5 | 100.0
            +---------+---------+-------+---------+---------+-------
